Map: Blackpink LE

Players

axu - Winner!

  • Race: Protoss Protoss
  • League: Platinum
  • Spawn Location: 1:00

VOD

Have the link to the VOD?

Description

Time

  • Played on: March 10, 2018, 1:16 p.m.
  • Length: 9:18
Show
View Real Time Build Order
Export as new Build Order

axu Protoss - Winner!

Build Orders:  

Get SALT Encoding   

  12  0:05  Probe (Chrono Boost)  
  13  0:22  Probe (Chrono Boost)  
  13  0:26  Pylon  
  14  0:39  Probe (Chrono Boost)  
  15  0:52  Gateway  
  15  1:00  Probe (Chrono Boost)  
  15  1:05  Assimilator  
  16  1:11  Probe (Chrono Boost)  
  17  1:23  Probe (Chrono Boost)  
  18  1:35  Probe (Chrono Boost)  
  19  1:44  Assimilator  
  19  1:56  Gateway  
  19  1:59  Cybernetics Core  
  19  2:03  Probe (Chrono Boost)  
  21  2:20  Probe (Chrono Boost)  
  21  2:33  Pylon  
  21  2:37  Probe (Chrono Boost)  
  22  2:46  Pylon  
  22  3:01  Twilight Council  
  22  3:05  Probe (Chrono Boost)  
  27  3:25  Probe (Chrono Boost)  
  28  3:36  Gateway  
  28  3:46  Shield Battery  
  28  3:48  Unknown  
  28  3:53  Probe (Chrono Boost), Unknown  
  29  4:02  Unknown x2  
  33  4:17  Warp Gate (Chrono Boost)  
  33  4:25  Pylon  
  33  4:42  Unknown  
  33  4:44  Unknown x2  
  33  4:45  Unknown  
  37  5:26  Unknown x2  
  37  5:28  Unknown  
  35  5:59  Pylon  
  35  6:01  Adept x3  
  35  6:03  Pylon  
  35  6:07  Pylon  
  41  6:11  Robotics Facility  
  41  6:12  Unknown  
  41  6:23  Unknown x8  
  41  6:31  Adept x3  
  41  7:09  Immortal (Chrono Boost)  
  39  7:14  Adept x3  
  45  7:46  Adept  
  45  7:49  Adept  
  49  8:06  Immortal (Chrono Boost)  
  51  8:42  Adept x3  
  59  9:11  Adept x3  
Tags
 
Add a new tag
Caveats
  • Supply blocks, unpowered buildings, or Contaminate may cause inaccurate times.
  • Supply counts are checked every 10 seconds.